 Dungeon Crawl Stone Soup version 0.19-a0-680-gdf79c29 (webtiles) character file.

91 Laan the Conjurer (level 4, -2/30 HPs)
             Began as a Mummy Wizard on June 17, 2016.
             Slain by a gnoll
             ... wielding a +0 flail
              (14 damage)
             ... on level 2 of the Dungeon.
             The game lasted 00:05:00 (2904 turns).

Laan the Conjurer (Mummy Wizard)                    Turns: 2904, Time: 00:05:00

Health: -2/30      AC:  3    Str: 10    XL:     4   Next: 33%
Magic:  5/8        EV: 12    Int: 18    God:
Gold:   54         SH:  0    Dex: 10    Spells: 1 memorised, 8 levels left

rFire  x . .     SeeInvis +     f - +0 short sword
rCold  + . .     Gourm    .     a - +0 robe
rNeg   + + +     Faith    .     (no shield)
rPois  ∞         Spirit   .     h - +0 helmet
rElec  .         Dismiss  .     (no cloak)
rCorr  .         Reflect  .     (no gloves)
SustAt .         Harm     .     (no boots)
MR     .....                    (no amulet)
Stlth  ++........               (no ring)
                                g - ring of see invisible

@: very slightly contaminated, not resistant to hostile enchantments, unstealthy
A: no food or potions, fire vulnerability, cold resistance 1, negative energy
resistance 3, torment resistance, unbreathing
a: no special abilities


You were on level 2 of the Dungeon.
You were not hungry.

You visited 1 branch of the dungeon, and saw 3 of its levels.

You collected 54 gold pieces.

Inventory:

Hand Weapons
 f - a +0 short sword (weapon)
Armour
 a - a +0 robe (worn)
 b - a +0 hat
 h - a +0 helmet (worn)
Jewellery
 g - a ring of see invisible (left hand)
Wands
 k - a wand of teleportation (4/9)
Scrolls
 d - a scroll of random uselessness {unknown}
 e - 3 scrolls of teleportation {unknown}
 i - a scroll of identify {unknown}
 j - a scroll of recharging {unknown}
Books
 c - a book of Minor Magic

   Spells                             Type                      Level
   a - Magic Dart                     Conjuration                  1
   b - Blink                          Translocation                2
   c - Call Imp                       Summoning                    2
   d - Repel Missiles                 Charms/Air                   2
   e - Slow                           Hexes                        2
   f - Conjure Flame                  Conjuration/Fire             3
   g - Mephitic Cloud                 Conjuration/Poison/Air       3


   Skills:
 - Level 1.5 Dodging
 - Level 1.5 Stealth
 - Level 3.0 Spellcasting
 + Level 3.4 Conjurations
   Level 0.7 Summonings
   Level 0.7 Translocations


You had 8 spell levels left.
You knew the following spells:

 Your Spells              Type           Power        Failure   Level  Hunger
a - Magic Dart            Conj           ###.         4%          1    N/A

Dungeon Overview and Level Annotations

Branches:
Dungeon (3/15)

Altars:
Okawaru


Innate Abilities, Weirdness & Mutations

You do not eat or drink.
Your flesh is vulnerable to fire.
You are immune to poison.
Your flesh is cold resistant. (rC+)
You are immune to negative energy. (rN+++)
You are immune to unholy pain and torment.
You can survive without breathing.


Message History

You climb upwards.
There is a stone staircase leading down here.
Things that are here:
a club; a hobgoblin skeleton
Casting: Magic Dart
Confirm with . or Enter, or press ? or * to list all spells.
Aiming: Magic Dart
Press: ? - help, Shift-Dir - straight line, f - gnoll
Aim: a gnoll, wielding a flail (moderately wounded)
You miscast Magic Dart.
You are very lightly contaminated with residual magic.
Nothing appears to happen.
Casting: Magic Dart
Confirm with . or Enter, or press ? or * to list all spells.
Aiming: Magic Dart
Press: ? - help, Shift-Dir - straight line, f/p - gnoll
Aim: a gnoll, wielding a flail (moderately wounded)
You miscast Magic Dart.
Nothing appears to happen.
The gnoll hits you with a flail!
You die...

##........### ####### #...#
####.#......####.....# ##.#.# #
####.#...##.##...###.# #..#.# #
.......#....##.### #.###.##.# #
#....#.###.....## #.#.÷.##.# #
#.#....# ##.....# #...####.# #
#.#...## ###.#.#####..# #.# #
#.##..### #....g....## #.# #
..###...#####.#.@###...####.## #
.####.#....##.##..#......##..# #
#..<.....#.##.###.#.##.#.###.# #
#.=......#..#.###...##....##.####
#........##.#.......##.##........
#........##.######.##...##.......
#........##.# ###.....#####...
#....<...##.# ###.......#......
###########.# ###.÷..._.....÷..##


You could see a gnoll.

Vanquished Creatures
  Robin (D:2)
  A gnoll (D:1)
  An ooze (D:1)
  2 dart slugs
  2 giant geckos (D:1)
  A giant cockroach (D:1)
  13 goblins
  12 hobgoblins
  2 jackals (D:1)
  A quokka (D:2)
  4 ball pythons
  2 bats (D:1)
  7 giant newts
  2 kobolds (D:1)
  7 rats
58 creatures vanquished.

Notes
Turn   | Place    | Note
--------------------------------------------------------------
     0 | D:1      | Laan the Mummy Wizard began the quest for the Orb.
     0 | D:1      | Reached XP level 1. HP: 13/13 MP: 4/4
    63 | D:1      | Reached skill level 1 in Conjurations
   241 | D:1      | Reached XP level 2. HP: 16/19 MP: 0/6
   703 | D:1      | Reached XP level 3. HP: 24/24 MP: 3/7
  1537 | D:2      | Noticed Robin
  2146 | D:2      | Killed Robin
  2146 | D:2      | Reached XP level 4. HP: 23/30 MP: 0/8
  2263 | D:2      | Found an iron altar of Okawaru.
  2904 | D:2      | Slain by a gnoll

Vault maps used:
D:1:      dpeg_arrival_chambers_temple_mockup, minmay_misc_feat_ornament,
          feat_on_display
D:2:      lemuel_round_altar, uniq_robin
D:3:      first_bread

Skill      XL: |  1  2  3 |
---------------+----------+-----
Conjurations   | 1 2 3 |  3.4
Dodging        | |  1.5
Stealth        | |  1.5
Spellcasting   | |  3.0
Summonings     | |  0.7
Translocations | |  0.7

Action                   |  1- 3 |  4- 6 || total
-------------------------+-------+-------++-------
Melee: Unarmed           |    11 |       ||    11
       Short sword       |    15 |       ||    15
 Cast: Magic Dart        |   111 |    31 ||   142
Armor: Robe              |    12 |       ||    12
Dodge: Dodged            |    39 |     3 ||    42
